 Dungeon Crawl Stone Soup version 0.30-a0-782-ge64f9170bb (webtiles) character file.

Game seed: 4026187035406503723

4335 HoaS the Skirmisher (level 10, -6/53 HPs)
             Began as a Gargoyle Hunter on Feb 23, 2023.
             Was a Priest of Zin.
             Mangled by an ogre
             ... wielding a +0 giant spiked club
              (22 damage)
             ... on level 7 of the Dungeon.
             The game lasted 00:13:18 (6507 turns).

HoaS the Skirmisher (Gargoyle Hunter)               Turns: 6507, Time: 00:13:19

Health: -6/53      AC: 14    Str: 16    XL:     10   Next: 33%
Magic:  13/13      EV: 17    Int:  9    God:    Zin [***...]
Gold:   476        SH:  0    Dex: 23    Spells: 9/9 levels left

rFire   . . .      SeeInvis .    z - +0 arbalest
rCold   . . .      Faith    .    (shield currently unavailable)
rNeg    + . .      Spirit   .    c - +0 leather armour
rPois   ∞          Reflect  .    (no helmet)
rElec   +          Harm     .    l - +2 cloak
rCorr   .          Rampage  .    (no gloves)
Will    .....                    r - +0 pair of boots
Stlth   ++                       x - amulet of regeneration
HPRegen 1.08/turn                g - +5 ring of evasion
MPRegen 0.13/turn                y - +6 ring of dexterity

@: no status effects
A: sickness immunity, AC +7, negative energy resistance 1, electricity
resistance, torment resistance 1, petrification resistance
a: Renounce Religion, Recite, Vitalisation, Imprison, Donate Gold


You were on level 7 of the Dungeon.
You worshipped Zin.
Zin was most pleased with you.
You visited 2 branches of the dungeon, and saw 9 of its levels.

You collected 528 gold pieces.
You donated 52 gold pieces to Zin.

Inventory:

Hand Weapons
 z - a +0 arbalest (weapon)
Armour
 c - a +0 leather armour (worn)
 l - a +2 cloak (worn)
 r - a +0 pair of boots (worn)
Jewellery
 g - a +5 ring of evasion (left hand)
 n - a ring of willpower
 v - a ring of protection from fire
 x - an amulet of regeneration (around neck)
 y - a +6 ring of dexterity (right hand)
Wands
 m - a wand of flame (8)
 p - a wand of charming (9)
 q - a wand of quicksilver (19)
 w - a wand of digging (2)
Scrolls
 b - 4 scrolls of immolation
 h - 3 scrolls of summoning
 o - 2 scrolls of fog
 u - a scroll of magic mapping
Potions
 d - 3 potions of resistance
 e - a potion of mutation
 f - 3 potions of cancellation
 i - 2 potions of curing
 j - a potion of attraction
 k - 3 potions of lignification
 s - a potion of flight {unknown}
 t - a potion of brilliance {unknown}


   Skills:
 - Level 2.1 Fighting
 * Level 14.3 Ranged Weapons
 - Level 1.5 Dodging
 - Level 1.1 Stealth
 - Level 5.0 Invocations


You had 9 spell levels left.
You didn't know any spells.
Your spell library contained the following spells:

 Spells                   Type           Power      Damage    Failure   Level
 Static Discharge         Conj/Air       0%         2-2/arc   58%         2
 Vhi's Electric Charge    Tloc/Air       0%         N/A       83%         3
 Passage of Golubria      Tloc           0%         N/A       99%         4
 Arcjolt                  Conj/Air       0%         1d10      100%        5
 Lightning Bolt           Conj/Air       0%         1d11      100%        5
 Silence                  Hex/Air        0%         N/A       100%        5
 Lehudib's Crystal Spear  Conj/Erth      0%         10d2      100%        8


Dungeon Overview and Level Annotations

Branches:
Dungeon (8/15)             Temple (1/1) D:6
   Lair: D:8-11

Altars:
Ashenzari
Cheibriados
Dithmenos
Elyvilon
Fedhas
Gozag
Hepliaklqana
Makhleb
Nemelex Xobeh
Qazlal
Sif Muna
Uskayaw
Xom
Zin


Innate Abilities, Weirdness & Mutations

You are immune to sickness and miasma.
Your stone body is resilient. (AC +7)
You are immune to poison.
You resist negative energy. (rN+)
You are resistant to electric shocks. (rElec)
You are resistant to unholy torment.
You are immune to petrification.


Message History

The orc warrior is lightly wounded.
You shoot a bolt.
The bolt hits the orc warrior but does no damage.
The orc warrior is lightly wounded.
The orc warrior closely misses you.
You shoot a bolt.
The bolt hits the orc warrior but does no damage.
The orc warrior is lightly wounded.
The orc warrior barely misses you. The ogre misses you.
The orc warrior closely misses you.
You shoot a bolt. The bolt barely misses the orc warrior.
The ogre misses you. The orc warrior misses you.
You shoot a bolt. The bolt barely misses the orc warrior.
The orc warrior hits you with a +0 war axe.
The ogre barely misses you.
You shoot a bolt. The bolt hits the orc warrior!
The orc warrior is heavily wounded.
The orc warrior hits you with a +0 war axe.
The ogre hits you with a +0 giant spiked club!!
You are too injured to fight recklessly!
You are too injured to fight recklessly!
You are too injured to fight recklessly!
You shoot a bolt.
The bolt completely misses the orc warrior.
The orc warrior hits you but does no damage.
You shoot a bolt. The bolt hits the orc warrior!
The orc warrior is almost dead.
The orc warrior hits you but does no damage.
The ogre barely misses you.
The orc warrior hits you with a +0 war axe.
You shoot a bolt. The bolt hits the orc warrior!
You kill the orc warrior!
The ogre hits you with a +0 giant spiked club!
You shoot a bolt. The bolt hits the ogre!
The ogre is moderately wounded.
The ogre completely misses you.
You shoot a bolt. The bolt hits the ogre!
The ogre is severely wounded.
The ogre hits you with a +0 giant spiked club!!
You die...

.'.....'....'.... #.
.#######....#####
########''######
................
................
###................
..#................
..#########''#########..
..'.).)...'..'.O@).(.'..
########################


You could see an ogre.

Vanquished Creatures
  A cyclops (D:7)
  Grinder (D:3)
  Sigmund (D:3)
  A water moccasin (D:5)
  3 orc warriors (D:7)
  A black bear (D:6)
  3 sky beasts
  5 ogres (D:7)
  The ghost of clease the Firebug, an amateur DgFE (D:3)
  A centaur (D:7)
  A phantom (D:6)
  3 kobold brigands (D:7)
  2 gnoll sergeants
  3 scorpions
  2 bullfrogs
  2 necrophages
  5 wights (D:7)
  6 killer bees (D:7)
  3 howler monkeys (D:7)
  3 jellies
  3 hounds
  4 orc priests
  Crazy Yiuf (D:2)
  3 iguanas
  Ijyb (D:5)
  5 orc wizards
  2 adders
  11 gnolls
  An ufetubus (D:7)
  3 dart slugs
  18 orcs
  8 ball pythons
  7 bats
  3 endoplasms
  3 giant cockroaches
  10 goblins
  6 hobgoblins
  2 jackals (D:1)
  4 kobolds
  4 quokkas
  15 frilled lizards
  7 rats
169 creatures vanquished.

Vanquished Creatures (others)
  A butterfly (D:4)
  A fungus (D:7)
  13 plants
15 creatures vanquished.

Grand Total: 184 creatures vanquished

Notes
Turn   | Place    | Note
-------+----------+-------------------------------------------
     0 | D:1      | HoaS the Gargoyle Hunter began the quest for the Orb.
     0 | D:1      | Reached XP level 1. HP: 12/12 MP: 1/1
    94 | D:1      | Reached XP level 2. HP: 17/17 MP: 2/2
   358 | D:1      | Reached XP level 3. HP: 21/21 MP: 3/3
   476 | D:1      | Reached skill level 5 in Ranged Weapons
  1236 | D:2      | Reached XP level 4. HP: 26/26 MP: 4/4
  1253 | D:2      | Found a runed translucent door.
  1254 | D:2      | Noticed Crazy Yiuf
  1747 | D:3      | Noticed Sigmund
  1813 | D:3      | Found a runed translucent door.
  1882 | D:3      | Noticed Grinder
  1890 | D:4      | Noticed a sky beast
  1903 | D:4      | Killed a sky beast
  1904 | D:4      | Reached skill level 6 in Ranged Weapons
  1904 | D:4      | Reached XP level 5. HP: 18/30 MP: 5/5
  2054 | D:4      | Found a white marble altar of Elyvilon.
  2311 | D:4      | Reached skill level 7 in Ranged Weapons
  2311 | D:4      | Reached XP level 6. HP: 14/35 MP: 6/6
  2611 | D:4      | Found a hazy altar of Hepliaklqana.
  2922 | D:2      | Killed Crazy Yiuf
  2932 | D:2      | Identified the +8 hammer of Cyuh {flame, rElec}
  2977 | D:3      | Paralysed by Grinder for 3 turns
  3001 | D:3      | Killed Grinder
  3002 | D:3      | Reached skill level 8 in Ranged Weapons
  3002 | D:3      | Reached XP level 7. HP: 20/40 MP: 7/7
  3164 | D:3      | Killed Sigmund
  3165 | D:3      | Reached skill level 9 in Ranged Weapons
  3405 | D:3      | Found a faded altar of an unknown god.
  3537 | D:3      | Noticed clease's ghost (amateur DgFE)
  3638 | D:3      | Killed clease's ghost
  3713 | D:5      | Entered Level 5 of the Dungeon
  3720 | D:5      | Noticed Ijyb
  3739 | D:5      | Killed Ijyb
  3954 | D:5      | Reached skill level 10 in Ranged Weapons
  3954 | D:5      | Reached XP level 8. HP: 33/44 MP: 8/8
  4638 | D:6      | Found a staircase to the Ecumenical Temple.
  4800 | D:6      | Reached skill level 11 in Ranged Weapons
  4921 | Temple   | Entered the Ecumenical Temple
  5100 | Temple   | Became a worshipper of Zin the Law-Giver
  5100 | Temple   | Reached * piety under Zin
  5303 | D:6      | Reached skill level 1 in Invocations
  5338 | D:6      | Reached XP level 9. HP: 48/48 MP: 10/10
  5340 | D:6      | Reached ** piety under Zin
  5355 | D:6      | Found Hautow's Weapon Emporium.
  5503 | D:6      | Found a shimmering altar of Xom.
  5628 | D:6      | Identified a scroll of acquirement
  5628 | D:6      | Acquired a +6 ring of dexterity
  5747 | D:7      | Reached skill level 12 in Ranged Weapons
  5962 | D:7      | Reached skill level 5 in Invocations
  6010 | D:7      | Reached skill level 13 in Ranged Weapons
  6071 | D:7      | Reached XP level 10. HP: 53/53 MP: 13/13
  6451 | D:7      | Reached *** piety under Zin
  6467 | D:7      | Reached skill level 14 in Ranged Weapons
  6490 | D:7      | Noticed a cyclops
  6495 | D:7      | Killed a cyclops
  6507 | D:7      | Mangled by an ogre

Illustrated notes

Levels and vault maps discovered:
D:1:      lightli_arrival_chessboard, layout_basic, grunt_decor_cap
D:2:      layout_rooms, minmay_fountain_box, minmay_statues_item,
          minmay_lizard_king, uniq_crazy_yiuf_cottage
D:3:      layout_rooms, ebering_ecumenical_altar_hall,
          ebering_ghost_reflecting_pool, serial_bayou_lagoon_a,
          amcnicky_mini_rare_corridor_liquid, uniq_sigmund, uniq_grinder
D:4:      layout_basic, worldfamousw_hep_ancestral_shrine,
          nicolae_elyvilon_peaceful_grove, eino_tiny_chamber, st_stairs_7,
          feat_on_display
D:5:      layout_basic, minmay_misc_feat_x, uniq_ijyb
D:6:      layout_rooms, general_overflow_altar,
          minmay_temple_entry_proselytizer, serial_shops,
          nicolae_shop_hallway_plus
D:7:      lemuel_castle_with_subvaults [lemuel_castle_interior_original],
          layout_loops_ring
D:8:      layout_basic, nicolae_vehumet_altar_sigil
Temple:   chequers_temple_sunken

Skill      XL: |  1  2  3  4  5  6  7  8  9 10 |
---------------+-------------------------------+-----
Ranged Weapons | 5 6 7 8 10 11 13 14 | 14.3
Invocations    | 2 5 |  5.0
Fighting       | |  2.1
Dodging        | |  1.5
Stealth        | |  1.1

Action                     |  1- 3 |  4- 6 |  7- 9 | 10-12 || total
---------------------------+-------+-------+-------+-------++-------
  Melee: Arbalest          |       |       |     3 |       ||     3
   Fire: Shortbow          |   111 |   124 |   221 |       ||   456
         Arbalest          |       |       |    80 |    73 ||   153
    Use: Scroll            |     8 |     8 |     5 |       ||    21
 Armour: Leather armour    |     9 |    24 |    69 |    14 ||   116
  Dodge: Dodged            |    31 |    50 |   164 |    36 ||   281

Table legend: (Time is in decaauts)
 A = Elapsed time spent in this place.
 B = Non-inter-level travel time spent in this place.
 C = Inter-level travel time spent in this place.
 D = Time resting spent in this place.
 E = Time spent auto-exploring this place.
 F = Levels seen in this place.
 G = Mean time per level.
                   A        B        C        D        E       F      G
               +--------+--------+--------+--------+--------+-----+--------+
         Total |   6693 |   6397 |    296 |    974 |   4264 |   9 |  743.7 |
       Dungeon |   6444 |   6148 |    296 |    974 |   4032 |   8 |  805.5 |
        Temple |    249 |    249 |      0 |      0 |    231 |   1 |  249.0 |
               +--------+--------+--------+--------+--------+-----+--------+

Top non-repeatable levels by time:
     D:5: 1104 daAuts
     D:1: 1100 daAuts
     D:3: 1037 daAuts
     D:4: 945 daAuts
     D:7: 869 daAuts
     D:2: 703 daAuts
     D:6: 651 daAuts
  Temple: 249 daAuts
     D:8: 31 daAuts
